Map: Mech Depot LE

Players

Yata - Winner!

  • Race: Zerg Zerg
  • League: Platinum
  • Spawn Location: 1:00

A.I. 1 (Very Easy)

  • Race: Protoss Protoss
  • Spawn Location: 7:00

VOD

Have the link to the VOD?

Description

Time

  • Played on: Sept. 12, 2017, 8:33 p.m.
  • Length: 11:47
Show
View Real Time Build Order
Export as new Build Order

Yata Zerg - Winner!

Build Orders: Hatch First 

Get SALT Encoding   

  12  0:01  Drone  
  13  0:10  Drone  
  14  0:16  Overlord  
  14  0:34  Drone  
  14  0:35  Drone  
  16  0:37  Drone  
  17  0:56  Hatchery  
  16  0:57  Drone  
  16  1:01  Drone  
  18  1:07  Drone  
  19  1:12  Extractor  
  18  1:20  Spawning Pool  
  18  1:23  Spawning Pool  
  17  1:26  Drone  
  17  1:29  Drone  
  19  1:39  Overlord  
  19  1:54  Drone  
  20  2:03  Drone  
  21  2:11  Queen x2  
  21  2:13  Zergling x4  
  27  2:16  Metabolic Boost  
  27  2:27  Drone x2  
  29  2:37  Drone x2  
  29  2:40  Overlord  
  31  2:45  Drone  
  32  2:52  Drone  
  32  2:53  Baneling Nest  
  32  2:56  Extractor  
  32  2:57  Drone  
  32  3:03  Overlord  
  32  3:07  Queen  
  32  3:12  Evolution Chamber  
  33  3:14  Drone x2  
  33  3:19  Drone x3  
  38  3:29  Drone x3  
  41  3:43  Baneling x4  
  41  3:58  Drone x8  
  49  4:11  Lair  
  49  4:12  Hatchery  
  48  4:24  Drone  
  48  4:26  Zerg Melee Weapons Level 1, Evolution Chamber  
  46  4:51  Queen  
  48  5:18  Zergling x4  
  50  5:24  Pneumatized Carapace  
  50  5:30  Hydralisk Den  
  49  5:37  Drone x9  
  49  5:39  Overlord  
  49  5:40  Overlord x2  
  58  5:49  Zerg Ground Armor Level 1  
  58  5:53  Baneling  
  58  5:54  Baneling x3  
  58  5:58  Queen  
  58  5:59  Queen  
  58  6:02  Drone x3  
  58  6:03  Drone  
  66  6:07  Queen  
  68  6:15  Hatchery  
  65  6:57  Hydralisk x6  
  65  6:58  Hydralisk x2  
  81  7:09  Zergling x2  
  82  7:29  Drone x6  
  88  7:41  Hatchery  
  86  7:46  Zerg Melee Weapons Level 2, Muscular Augments  
  86  7:57  Zergling x2  
  86  7:58  Zergling x2  
  88  8:00  Overlord x7  
  88  8:01  Overlord x7  
  88  8:19  Hydralisk x3  
  90  8:20  Hydralisk  
  90  8:23  Zergling x30  
  90  8:24  Zergling x4  
  113  8:29  Queen  
  115  8:40  Hydralisk  
  117  8:41  Hydralisk x2  
  117  8:48  Extractor, Drone x7  
  127  8:57  Extractor x2, Drone x5  
  130  9:03  Zerg Missile Weapons Level 1  
  130  9:19  Drone x9  
  130  9:20  Drone  
  140  9:29  Hydralisk x5  
  150  9:39  Hydralisk  
  150  9:40  Hydralisk x2  
  156  9:50  Infestation Pit  
  152  10:01  Queen  
  152  10:21  Zergling x2  
  152  10:22  Zergling x44  
  152  10:23  Zergling x2  
  175  10:28  Hatchery  
  173  10:36  Queen  
  173  11:19  Zergling x2  
  173  11:20  Zergling x42  
  173  11:21  Zergling x10  
Show
View Real Time Build Order
Export as new Build Order

A.I. 1 (Very Easy) Protoss 

Build Orders:  

Get SALT Encoding   

  12  0:01  Probe (Chrono Boost)  
  13  0:11  Probe (Chrono Boost)  
  14  0:20  Pylon  
  14  0:36  Assimilator  
  14  0:44  Gateway  
  14  0:47  Pylon  
  14  1:13  Assimilator  
  14  1:27  Probe (Chrono Boost)  
  14  1:30  Zealot  
  17  1:33  Cybernetics Core  
  17  1:38  Probe (Chrono Boost)  
  18  1:49  Probe (Chrono Boost)  
  19  1:59  Warp Gate  
  19  2:00  Probe (Chrono Boost)  
  20  2:11  Probe (Chrono Boost)  
  22  2:23  Probe (Chrono Boost)  
  22  2:38  Stalker  
  17  4:39  Probe (Chrono Boost)  
  15  4:49  Probe (Chrono Boost)  
  16  5:00  Probe (Chrono Boost)  
  17  5:10  Probe (Chrono Boost)  
  19  5:21  Probe (Chrono Boost)  
  19  5:31  Probe (Chrono Boost)  
  20  5:42  Probe (Chrono Boost)  
  21  5:53  Probe (Chrono Boost)  
  22  6:03  Probe (Chrono Boost)  
  23  6:14  Probe (Chrono Boost)  
  19  6:40  Zealot, Probe (Chrono Boost)  
  21  6:52  Probe (Chrono Boost)  
  22  7:02  Probe (Chrono Boost)  
  22  7:05  Pylon  
  22  7:07  Robotics Facility  
  23  7:09  Nexus  
  23  7:13  Probe (Chrono Boost)  
  24  7:23  Probe (Chrono Boost)  
  25  7:34  Probe (Chrono Boost)  
  26  7:39  Adept  
  28  7:45  Probe (Chrono Boost)  
  25  7:54  Observer  
  25  7:58  Probe (Chrono Boost)  
  27  8:00  Pylon  
  27  8:09  Probe (Chrono Boost)  
  28  8:13  Observer  
  30  8:20  Probe (Chrono Boost)  
  30  8:22  Probe (Chrono Boost)  
  31  8:31  Probe (Chrono Boost)  
  31  8:32  Assimilator  
  32  8:35  Assimilator  
  32  8:36  Probe (Chrono Boost)  
  32  8:38  Zealot  
  35  8:44  Probe (Chrono Boost)  
  36  8:51  Probe (Chrono Boost)  
  37  8:58  Probe (Chrono Boost)  
  38  9:05  Probe (Chrono Boost)  
  39  9:12  Probe (Chrono Boost)  
  40  9:19  Probe (Chrono Boost)  
  41  9:26  Probe (Chrono Boost)  
  42  9:34  Probe (Chrono Boost)  
  42  9:37  Stalker  
  45  9:42  Probe (Chrono Boost)  
  46  9:48  Probe (Chrono Boost)  
  43  9:57  Probe (Chrono Boost)  
  40  10:03  Probe (Chrono Boost)  
  40  10:06  Stalker  
  37  10:11  Probe (Chrono Boost)  
  26  10:17  Probe (Chrono Boost)  
  21  10:26  Probe (Chrono Boost)  
  16  10:32  Probe (Chrono Boost)  
  16  10:34  Immortal  
  17  10:40  Probe (Chrono Boost)  
  22  10:46  Probe (Chrono Boost)  
  23  10:54  Probe (Chrono Boost)  
  20  11:05  Stalker  
  20  11:09  Probe (Chrono Boost)  
  22  11:19  Probe (Chrono Boost)  
  4  11:26  Pylon  
Tags
 
League
Platinum
Matchup
PvZ
Replay Pack
Pack 1
Spawn Locations
Cross Positions
Add a new tag
Caveats
  • Supply blocks, unpowered buildings, or Contaminate may cause inaccurate times.
  • Supply counts are checked every 10 seconds.